 Dungeon Crawl Stone Soup version 0.29.1-debian-4-g95531337e3 (webtiles) character file.

Game seed: 14800014681935930044

89 Dreamer the Shield-Bearer (level 4, 0/31 HPs)
             Began as an Octopode Fighter on Sept 13, 2022.
             Slain by Terence
             ... wielding a +0 falchion
              (3 damage)
             ... on level 1 of the Dungeon.
             The game lasted 00:05:07 (1751 turns).

Dreamer the Shield-Bearer (Octopode Fighter)        Turns: 1751, Time: 00:05:08

Health: 0/31       AC:  1    Str: 15    XL:     4   Next: 55%
Magic:  5/5        EV: 28    Int: 12    God:
Gold:   124        SH:  4    Dex: 11    Spells: 5/5 levels left

rFire   + . .      SeeInvis .     - Unarmed
rCold   . . .      Faith    .   a - +0 buckler
rNeg    . . .      Spirit   .   (helmet restricted)
rPois   .          Reflect  .   j - amulet of the acrobat
rElec   .          Harm     .   k - ring of protection from fire
rCorr   .          Rampage  .   (no ring)
Will    .....                   (no ring)
Stlth   +++.......              (no ring)
HPRegen 0.10/turn               (no ring)
MPRegen 0.09/turn               (no ring)
                                (no ring)
                                (no ring)

@: acrobatic
A: almost no armour, amphibious, 8 rings, camouflage 1, gelatinous body 1,
(nimble swimmer 1), tentacles
a: no special abilities


You were on level 1 of the Dungeon.
You visited 1 branch of the dungeon, and saw 2 of its levels.

You collected 124 gold pieces.

Inventory:

Armour
 a - a +0 buckler (worn)
Jewellery
 j - an amulet of the acrobat (around mantle)
 k - a ring of protection from fire (left tentacle)
 l - a +4 ring of slaying
Scrolls
 e - 2 scrolls of teleportation {unknown}
 g - a scroll of identify {unknown}
 h - a scroll of enchant weapon {unknown}
 i - a scroll of amnesia {unknown}
Potions
 b - 3 potions of might
 c - 2 potions of heal wounds {unknown}
 d - a potion of attraction {unknown}
 f - a potion of curing {unknown}
 m - a potion of berserk rage {unknown}


   Skills:
 + Level 3.3 Fighting
 + Level 3.4 Dodging
 + Level 2.2 Stealth
 + Level 3.4 Shields
 + Level 2.5 Unarmed Combat
 + Level 1.2 Spellcasting


You had 5 spell levels left.
You didn't know any spells.
Your spell library was empty.

Dungeon Overview and Level Annotations

Branches:
Dungeon (2/15)

Altars:

Shops:
D:2 =

Annotations:
D:1 Terence


Innate Abilities, Weirdness & Mutations

You cannot wear most types of armour.
You are amphibious.
You can wear up to eight rings at the same time.
Your skin changes colour to match your surroundings (Stealth+).
Your rubbery body absorbs attacks. (AC +1, EV +1)
((You are camouflaged when in or above water. (Stealth+)))
You have tentacles for arms and can constrict up to eight enemies at once.


Message History

You squeeze the endoplasm, but do no damage.
The endoplasm is severely wounded.
The endoplasm hits you.
You tentacle-slap the endoplasm.
You kill the endoplasm!
Done exploring.
Done exploring.
(D) Dungeon
Where to? (? - help)
There is a stone staircase leading down here.
You climb downwards.
Level annotation: Terence Terence hits you with a +0 falchion.
There is a stone staircase leading up here.
You tentacle-slap Terence but do no damage.
Your grab misses Terence. Terence hits you with a +0 falchion!
You tentacle-slap Terence. You grab Terence.
Terence is lightly wounded.
You constrict Terence, but do no damage.
Terence misses you.
You tentacle-slap Terence but do no damage.
You squeeze Terence.
Terence is moderately wounded.
You constrict Terence, but do no damage.
Terence hits you with a +0 falchion.
You release your grip on Terence.
You block Terence's attack.
You climb upwards.
There is a stone staircase leading down here.
Terence attacks as you move away! Terence hits you with a +0 falchion.
* * * LOW HITPOINT WARNING * * *
Terence asks, "Do you want it fast or slow?"
Terence attacks as you move away! Terence closely misses you.
Terence attacks as you move away! Terence hits you with a +0 falchion.
* * * LOW HITPOINT WARNING * * *
Terence attacks as you move away! You block Terence's attack.
Terence attacks as you move away! Terence closely misses you.
Terence screams, "I'm going to kill you!"
Terence attacks as you move away! Terence completely misses you.
Terence attacks as you move away! Terence hits you with a +0 falchion.
You die...

.####.#......##....#........#
...(#)####.#.##.##.##########
#...#.###..#.#####.#....#
##.....>......# #.#..#.#
###.#.#...##..####.####.# #
#.#.#.................#
###.#.###.#..####.#######
....#.###.#..####.#...#
#####...........@.#.#.# #
#.......#######@#.#.# #
#.#....#......#...#.# #
#.#.##.#.####.#.###.### #
#.#.##...# #.#.......#
###.#.#########.#.....#.#
....#...........#.......#
#################.#####.# ###
###


You could see Terence.

Vanquished Creatures
  An adder (D:2)
  3 gnolls (D:2)
  A worm (D:2)
  3 dart slugs
  4 endoplasms (D:1)
  3 giant cockroaches
  A goblin (D:1)
  3 hobgoblins
  2 jackals (D:1)
  2 quokkas
  A ball python (D:1)
  8 bats (D:1)
  3 frilled lizards (D:1)
  4 kobolds
  3 rats
42 creatures vanquished.

Vanquished Creatures (others)
  A fungus (D:2)
1 creature vanquished.

Grand Total: 43 creatures vanquished

Notes
Turn   | Place    | Note
-------+----------+-------------------------------------------
     0 | D:1      | Dreamer the Octopode Fighter began the quest for the Orb.
     0 | D:1      | Reached XP level 1. HP: 16/16 MP: 1/1
   125 | D:1      | You fall into a shaft and drop 1 floor!
   134 | D:2      | Reached XP level 2. HP: 14/21 MP: 2/2
   369 | D:2      | Reached skill level 1 in Stealth
   393 | D:2      | Reached XP level 3. HP: 18/26 MP: 2/4
   599 | D:2      | Reached skill level 1 in Spellcasting
   730 | D:2      | Found Atetreg's Jewellery Boutique.
   801 | D:2      | Reached XP level 4. HP: 31/31 MP: 5/5
   891 | D:2      | Noticed Terence
  1732 | D:1      | HP: 1/31 [Terence/+0 falchion (4)]
  1751 | D:1      | Slain by Terence

Illustrated notes

Levels and vault maps discovered:
D:1:      psy_arrival_terrarium, layout_basic
D:2:      layout_basic, serial_shops, nicolae_shop_window_shopping,
          shapermc_ecumenical_altar_petra, uniq_terence

Skill      XL: |  1  2  3  4 |
---------------+-------------+-----
Stealth        | 1 2 |  2.2
Spellcasting   | 1 |  1.2
Fighting       | |  3.3
Dodging        | |  3.4
Shields        | |  3.4
Unarmed Combat | |  2.5

Action                   |  1- 3 |  4- 6 || total
-------------------------+-------+-------++-------
Melee: Unarmed           |    46 |    64 ||   110
       Constrict         |    13 |    12 ||    25
       Tentacles         |    12 |    13 ||    25
       Punch             |     2 |     1 ||     3
 Stab: Sleeping          |     4 |     5 ||     9
Armor: Skin              |     1 |     7 ||     8
Dodge: Dodged            |    19 |    48 ||    67
Block: Buckler           |     7 |    12 ||    19
